 Dungeon Crawl Stone Soup version 0.31-a0-202-g547052bce9 (webtiles) character file.

Game seed: 11919984363509106275

336 qw the Skirmisher (level 6, -5/35 HPs)
             Began as a Deep Elf Hunter on June 26, 2023.
             Slain by an ogre
             ... wielding a +0 giant spiked club
              (19 damage)
             ... on level 4 of the Dungeon.
             The game lasted 00:00:58 (2291 turns).

qw the Skirmisher (Deep Elf Hunter)                 Turns: 2291, Time: 00:00:59

Health: -5/35      AC:  8    Str: 10    XL:     6   Next: 28%
Magic:  8/8        EV: 16    Int: 14    God:
Gold:   125        SH:  0    Dex: 18    Spells: 5/5 levels left

rFire   . . .        Y - +1 shortbow (drain)
rCold   . . .        (shield currently unavailable)
rNeg    . . .        a - +0 ring mail
rPois   .            (no helmet)
rElec   .            (no cloak)
rCorr   +            n - +2 pair of gloves
SInv    .            (no boots)
Will    .....        (no amulet)
Stlth   +            g - +5 ring of evasion
HPRegen 0.25/turn    c - ring of resist corrosion
MPRegen 0.11/turn

%: no passive effects
@: no status effects
A: deterioration 1
a: no special abilities


You were on level 4 of the Dungeon.
You visited 1 branch of the dungeon, and saw 4 of its levels.
You also visited: Sewer.

You collected 125 gold pieces.


Innate Abilities, Weirdness & Mutations

Your body sometimes deteriorates upon taking damage.


   Skills:
 - Level 2.2 Fighting
 + Level 9.6 Ranged Weapons
 - Level 2.4 Dodging
 - Level 1.2 Stealth


You had 5 spell levels left.
You didn't know any spells.
Your spell library was empty.

Inventory:

Hand Weapons
 Y - a +1 shortbow of draining (weapon)
Armour
 a - a +0 ring mail (worn)
 i - a +0 robe of fire resistance
 n - a +2 pair of gloves (worn)
Jewellery
 c - a ring of resist corrosion (right hand)
 e - a ring of fire
 g - a +5 ring of evasion (left hand)
Potions
 b - a potion of mutation
 d - a potion of ambrosia {unknown}
 f - a potion of cancellation {unknown}
 h - a potion of haste
 j - 4 potions of heal wounds
 k - 2 potions of curing
 o - a potion of invisibility {unknown}

Dungeon Overview and Level Annotations

Branches:
Dungeon (4/15)             Temple (0/1) D:4           Sewer (visited)

Altars:


Message History

You climb downwards.
The hound bites you but does no damage.
There is a stone staircase leading up here.
2277 ||| STAIRDANCE The hound bites you.
The hound barely misses you.
You climb upwards.
There is a stone staircase leading down here.
You shoot an arrow. The arrow closely misses the hound.
The hound bites you but does no damage.
You shoot an arrow. The arrow hits the hound.
The hound is lightly wounded.
The hound bites you but does no damage. The hound barely misses you.
You shoot an arrow. The arrow barely misses the hound.
The hound closely misses you.
You shoot an arrow. The arrow hits the hound.
The hound is lightly wounded.
The hound closely misses you. The hound completely misses you.
You shoot an arrow. The arrow barely misses the hound.
The hound bites you but does no damage. x2
You shoot an arrow. The arrow closely misses the hound.
The hound closely misses you.
You shoot an arrow. The arrow barely misses the hound.
The hound bites you but does no damage. The hound closely misses you.
You shoot an arrow. The arrow hits the hound!
You drain the hound.
The hound is almost dead.
The hound barely misses you. The hound misses you.
You shoot an arrow. The arrow closely misses the hound.
The hound bites you but does no damage.
You shoot an arrow. The arrow hits the hound.
You kill the hound!
Done exploring.
(D) Dungeon (T) Temple
Where to? (* - list waypoints, Enter - Temple, ? - help)
You climb downwards.
The ogre hits you with a +0 giant spiked club!!
Ouch! That really hurt!
There is a stone staircase leading up, spattered with blood here.
2291 ||| STAIRDANCE The ogre hits you with a +0 giant spiked club!!
Ouch! That really hurt!
You die...

### > ..# ...
##.#
..}..#..#####
......O@<...#
.....######.#
.##


You could see an ogre.

Vanquished Creatures
  A hound (D:3)
  3 jellies (Sewer)
  2 orc priests (D:3)
  Jessica (D:3)
  5 adders
  2 worms
  2 dart slugs
  3 orcs (D:3)
  4 bats (D:1)
  16 endoplasms
  6 giant cockroaches
  9 goblins
  A hobgoblin (D:3)
  2 jackals (D:1)
  2 kobolds (D:1)
  4 quokkas
  5 ball pythons
  8 frilled lizards
  5 rats
81 creatures vanquished.

Notes
Turn   | Place    | Note
-------+----------+-------------------------------------------
     0 | D:1      | qw the Deep Elf Hunter began the quest for the Orb.
     0 | D:1      | Reached XP level 1. HP: 12/12 MP: 3/3
     0 | D:1      | 0 ||| qw: Version: 0.3-a-22-g0ed2b0b
     0 | D:1      | 0 ||| qw: Game counter: 5767
     0 | D:1      | 0 ||| qw: Melee chars always use a shield: true
     0 | D:1      | 0 ||| qw: God list: Okawaru
     0 | D:1      | 0 ||| qw: Allow faded altars: false
     0 | D:1      | 0 ||| qw: Do Orc after clearing Dungeon:15 true
     0 | D:1      | 0 ||| qw: Do second Lair branch before Depths: true
     0 | D:1      | 0 ||| qw: Lair rune preference: random
     0 | D:1      | 0 ||| qw: Goals: Normal
     0 | D:1      | 0 ||| PLANNING D:1-11
    33 | D:1      | Reached XP level 2. HP: 16/16 MP: 4/4
    81 | D:1      | Reached skill level 6 in Ranged Weapons
   141 | D:1      | 141 ||| READING scroll labelled TELESA TUTOLAKK.
   142 | D:1      | 142 ||| DROPPING scroll of butterflies.
   608 | D:1      | 608 ||| READING scroll labelled XAEDOCR ATTOI.
   609 | D:1      | 609 ||| READING scroll labelled HAPNEB EHILIDUI.
   610 | D:1      | 610 ||| READING scroll labelled YVVETY WUKYKO.
   612 | D:1      | 612 ||| Stepping ~*~*~tactically~*~*~ (cloud).
   613 | D:1      | HP: 4/16 [poisoned by you (poison gas)]
   617 | D:1      | HP: 1/16 [poisoned by you (poison gas)]
   804 | D:2      | Reached XP level 3. HP: 20/20 MP: 5/5
   812 | D:2      | 812 ||| READING scroll of brand weapon.
   812 | D:2      | 812 ||| BRANDING +0 shortbow of electrocution.
   865 | D:2      | Reached skill level 7 in Ranged Weapons
  1361 | D:2      | 1361 ||| UPGRADING to +0 ring mail.
  1371 | D:2      | 1371 ||| DROPPING +0 leather armour.
  1372 | D:2      | 1372 ||| UPGRADING to +5 ring of evasion.
  1373 | D:2      | 1373 ||| READING scroll labelled VENUAM RYPANAO.
  1374 | D:2      | 1374 ||| READING scroll labelled YLAYMITZ PIPLEUXT.
  1402 | D:3      | 1402 ||| PLANNING SEWER
  1431 | D:3      | 1431 ||| DROPPING +1 sling of freezing.
  1454 | D:3      | Reached XP level 4. HP: 25/25 MP: 6/6
  1479 | D:3      | Noticed Jessica
  1483 | D:3      | Killed Jessica
  1494 | D:3      | 1494 ||| Stepping ~*~*~tactically~*~*~ (outnumbered).
  1496 | D:3      | 1496 ||| Stepping ~*~*~tactically~*~*~ (outnumbered).
  1500 | D:3      | Reached skill level 8 in Ranged Weapons
  1512 | D:3      | Reached XP level 5. HP: 29/29 MP: 7/7
  1988 | D:3      | 1988 ||| Stepping ~*~*~tactically~*~*~ (water).
  1990 | D:3      | 1990 ||| Stepping ~*~*~tactically~*~*~ (water).
  1996 | D:3      | Found a glowing drain.
  2001 | D:3      | 2001 ||| UPGRADING to +0 pair of gloves.
  2006 | D:3      | 2006 ||| UPGRADING to ring of resist corrosion.
  2007 | D:3      | 2007 ||| READING 3 scrolls labelled VUILONEKAI.
  2008 | D:3      | 2008 ||| READING 2 scrolls of enchant armour.
  2008 | D:3      | 2008 ||| ENCHANTING +0 pair of gloves.
  2009 | D:3      | 2009 ||| READING scroll of enchant armour.
  2009 | D:3      | 2009 ||| ENCHANTING +1 pair of gloves.
  2010 | D:3      | 2010 ||| READING scroll labelled OROECO SUAJAM.
  2011 | D:3      | 2011 ||| DRINKING 3 bubbling silvery potions.
  2011 | D:3      | Gained mutation: Your system is resistant to poisons.
                  | (rPois) [potion of mutation]
  2011 | D:3      | Gained mutation: You occasionally lose the ability to drink
                  | potions when taking damage. [potion of mutation]
  2012 | D:3      | 2012 ||| DRINKING 2 potions of mutation.
  2012 | D:3      | Lost mutation: You occasionally lose the ability to drink
                  | potions when taking damage. [potion of mutation]
  2012 | D:3      | Lost mutation: Your system is resistant to poisons. (rPois)
                  | [potion of mutation]
  2012 | D:3      | Gained mutation: Your body sometimes deteriorates upon
                  | taking damage. [potion of mutation]
  2013 | D:3      | 2013 ||| DRINKING 2 murky emerald potions.
  2014 | D:3      | 2014 ||| DRINKING 3 metallic puce potions.
  2017 | D:3      | 2017 ||| Stepping ~*~*~tactically~*~*~ (water).
  2024 | Sewer    | Entered a sewer
  2069 | Sewer    | 2069 ||| Stepping ~*~*~tactically~*~*~ (water).
  2085 | Sewer    | Reached skill level 9 in Ranged Weapons
  2169 | Sewer    | Reached XP level 6. HP: 35/35 MP: 8/8
  2173 | Sewer    | Found a viscous altar of Jiyva.
  2202 | Sewer    | 2202 ||| Stepping ~*~*~tactically~*~*~ (water).
  2226 | Sewer    | 2226 ||| READING scroll labelled CILAOR OPAA.
  2227 | Sewer    | 2227 ||| DRINKING 5 fuming cyan potions.
  2228 | Sewer    | 2228 ||| DRINKING 2 fuming golden potions.
  2229 | Sewer    | 2229 ||| DROPPING potion of magic.
  2233 | D:3      | 2233 ||| PLANNING D:1-11
  2272 | D:4      | Found a staircase to the Ecumenical Temple.
  2273 | D:4      | 2273 ||| PLANNING TEMPLE
  2273 | D:4      | 2273 ||| STAIRDANCE
  2277 | D:4      | 2277 ||| STAIRDANCE
  2291 | D:4      | 2291 ||| STAIRDANCE
  2291 | D:4      | Slain by an ogre

Levels and vault maps discovered:
D:1:      spicycebolla_green_bress_n_ham_2, layout_rooms, serial_aquarium,
          aquarium_bridge_straight [aquarium_subvault_bridge,
          aquarium_subvault_window, aquarium_subvault_bridge,
          aquarium_subvault_wall], aquarium_window_1, aquarium_window_2,
          aquarium_window_fake, aquarium_window_2, aquarium_view_2d,
          aquarium_balcony_3a, serial_park_tiny_1, chequers_mini_garden,
          serial_bayou_crossing
D:2:      layout_basic
D:3:      layout_basic, gup_sewer_entry_pipe, uniq_jessica
D:4:      layout_rooms, minmay_temple_entry_large_hall,
          nicolae_concentric_dashed_squares_wild, uniq_robin

Skill      XL: |  1  2  3  4  5 |
---------------+----------------+-----
Ranged Weapons | 6 7 8 9 |  9.6
Fighting       | 2 |  2.2
Dodging        | |  2.4
Stealth        | |  1.2

Action                     |  1- 3 |  4- 6 || total
---------------------------+-------+-------++-------
   Fire: Shortbow          |    75 |   100 ||   175
    Use: Scroll            |     7 |     5 ||    12
         Potion            |       |     6 ||     6
 Armour: Leather armour    |     4 |       ||     4
         Ring mail         |     3 |    11 ||    14
  Dodge: Dodged            |    12 |    13 ||    25

Table legend:
 A = Non-vault XP
 B = Vault XP
 C = Vault XP percentage of total XP
 D = Non-vault monster count
 E = Vault monster count
 F = Vault count percentage of total count
                 A         B        C        D         E       F
            +---------+---------+-------+---------+---------+-------
      Total |     240 |     241 |  50.1 |      47 |      34 |  42.0
            +---------+---------+-------+---------+---------+-------
        D:1 |      36 |       0 |   0.0 |      23 |       0 |   0.0
        D:2 |      40 |       0 |   0.0 |       8 |       0 |   0.0
        D:3 |     164 |      49 |  23.0 |      16 |       7 |  30.4
      Sewer |       0 |     192 | 100.0 |       0 |      27 | 100.0
            +---------+---------+-------+---------+---------+-------
